 Dungeon Crawl Stone Soup version 0.28-a0-10-g964c8b829e (webtiles) character file.

Game seed: 1845903296722480180

3618 tatocazan the Blocker (level 9, -4/80 (83) HPs)
             Began as a Minotaur Fighter on July 25, 2021.
             Was an Elder of Uskayaw.
             Killed from afar by a gargoyle (14 damage)
             ... with a stone arrow
             ... on level 8 of the Dungeon.
             The game lasted 00:08:21 (7283 turns).

tatocazan the Blocker (Minotaur Fighter)            Turns: 7283, Time: 00:08:21

HP:   -4/80 (83)    AC: 21    Str: 23    XL:     9   Next: 86%
MP:   8/8           EV:  3    Int:  5    God:    Uskayaw [****..]
Gold: 383           SH: 12    Dex: 11    Spells: 8/8 levels left

rFire   . . .      SeeInvis .   f - +2 hand axe (vamp)
rCold   . . .      Faith    .   c - +0 kite shield
rNeg    . . .      Spirit   .   d - +2 crystal plate armour
rPois   .          Reflect  .   (helmet restricted)
rElec   .          Harm     .   (no cloak)
rCorr   .          Rampage  .   (no gloves)
Will    +....                   (no boots)
Stlth   ..........              (no amulet)
HPRegen 0.23/turn               k - ring of willpower
MPRegen 0.11/turn               (no ring)

@: about to teleport, lightly drained
A: horns 2, retaliatory headbutt
a: Renounce Religion, Stomp, Line Pass


You were on level 8 of the Dungeon.
You worshipped Uskayaw.
Uskayaw was noncommittal.
You visited 2 branches of the dungeon, and saw 9 of its levels.

You collected 383 gold pieces.

Inventory:

Hand Weapons
 a - a +0 war axe
 f - a +2 vampiric hand axe (weapon)
Missiles
 m - 6 boomerangs (quivered)
 o - 17 javelins
 x - 8 atropa-tipped darts
Armour
 b - a +0 scale mail
 c - a +0 kite shield (worn)
 d - a +2 crystal plate armour (worn)
 i - a +0 chain mail
 v - a +0 chain mail
Jewellery
 k - a ring of willpower (left hand)
 r - a +6 ring of intelligence
 F - a ring of wizardry
Wands
 p - a wand of flame (22)
 C - a wand of digging (7)
 D - a wand of charming (2)
Scrolls
 g - 2 scrolls of identify
 l - 2 scrolls of amnesia
 n - a scroll of teleportation
 t - a scroll of fog {unknown}
 y - 2 scrolls of magic mapping {unknown}
 E - a scroll of enchant weapon
Potions
 e - 2 potions of curing
 h - a potion of berserk rage {unknown}
 j - 3 potions of magic {unknown}
 s - 2 potions of lignification {unknown}
 u - a potion of attraction {unknown}
 w - a potion of brilliance
 z - a potion of haste {unknown}
 A - a potion of degeneration {unknown}
 B - a potion of mutation {unknown}


   Skills:
 + Level 9.2 Fighting
 + Level 8.8 Axes
 + Level 9.2 Armour
 + Level 9.3 Shields


You had 8 spell levels left.
You didn't know any spells.
Your spell library contained the following spells:

 Spells                   Type           Power      Damage    Failure   Level
 Summon Small Mammal      Summ           0%         N/A       100%        1
 Blink                    Tloc           N/A        N/A       100%        2
 Call Canine Familiar     Summ           0%         N/A       100%        3
 Lesser Beckoning         Tloc           0%         N/A       100%        3
 Summon Guardian Golem    Hex/Summ       0%         N/A       100%        3
 Manifold Assault         Tloc           0%         N/A       100%        5


Dungeon Overview and Level Annotations

Branches:
Dungeon (8/15)             Temple (1/1) D:4
   Lair: D:8-11

Altars:
Ashenzari
Cheibriados
Dithmenos
Elyvilon
Fedhas
Gozag
Hepliaklqana
Kikubaaqudgha
Makhleb
Nemelex Xobeh
Okawaru
Qazlal
Ru
Sif Muna
Trog
Uskayaw
Vehumet
Wu Jian
Xom
Yredelemnul
Zin
The Shining One

Annotations:
D:7 2 runed translucent doors, bande's ghost, novice GrFi


Innate Abilities, Weirdness & Mutations

You have a pair of horns on your head.
You reflexively headbutt those who attack you in melee.


Message History

Your shield prevents you from hitting the gargoyle.
The gargoyle is moderately damaged.
You block the wight's attack.
The gargoyle hits you with a +0 dire flail!
You take 9 damage, and have 29/81 hp.
You hit the gargoyle but do no damage.
The gargoyle is moderately damaged.
The wight hits you from afar with a +4 spear.
You feel drained. You block the gargoyle's attack.
You take 1 damage, and have 28/80 hp.
You feel much better. You block the wight's attack.
The gargoyle hurls a stone arrow at you.
The stone arrow hits you but does no damage.
You can no longer merge with and destroy a victim.
You regained 22 hp, and now have 50/80 hp.
It was a potion of curing.
You feel better. You block the wight's attack.
The gargoyle hurls a stone arrow at you.
The stone arrow hits you!!
You take 19 damage, and have 31/80 hp.
MASSIVE DAMAGE!!
You hit the gargoyle but do no damage.
The gargoyle is moderately damaged.
The wight barely misses you. You block the gargoyle's attack.
You hit the gargoyle.
The gargoyle is moderately damaged.
You block the wight's attack.
The gargoyle hits you with a +0 dire flail!
* * * LOW HITPOINT WARNING * * *
You take 11 damage, and have 21/80 hp.
Your crystal plate armour prevents you from hitting the gargoyle.
The gargoyle is moderately damaged.
You block the wight's attack. You block the gargoyle's attack.
As you read the scroll of teleportation, it crumbles to dust.
You feel strangely unstable. The wight completely misses you.
The gargoyle hurls a stone arrow at you.
The stone arrow hits you!
* * * LOW HITPOINT WARNING * * *
You take 12 damage, and have 9/80 hp.
The gargoyle hurls a stone arrow at you.
The stone arrow hits you!
You die...

........# #...# ........#
##..## ........# #...#
........# ##..# ........#
#..# ......).#
#####.######
.....?z9#####.....†....(.
..................>.....?
#######..@.......#######.
#..........# #..........#
#..........# #..........#
#..........# #..........#
#...<......#


You could see a gargoyle and a wight.

Vanquished Creatures
  Joseph (D:7)
  Eustachio (D:6)
  A water moccasin (D:4)
  An orc warrior (D:6)
  A sky beast (D:7)
  2 black bears
  3 ice beasts
  4 ogres
  4 centaurs
  3 phantoms
  4 bullfrogs
  Blork the orc (D:5)
  A wyvern skeleton (D:7)
  4 killer bees (D:5)
  5 wights
  A howler monkey (D:7)
  A bullfrog zombie (D:5)
  A crimson imp (D:7)
  A jelly (D:5)
  A bullfrog skeleton (D:6)
  A centaur skeleton (D:7)
  An orc priest (D:6)
  4 hounds
  5 iguanas
  3 orc wizards
  Robin (D:2)
  5 adders
  4 gnolls (D:3)
  3 white imps
  An ufetubus (D:7)
  2 adder skeletons (D:4)
  2 worms
  A dart slug (D:1)
  12 orcs
  7 ball pythons
  7 bats
  11 endoplasms
  A giant cockroach (D:2)
  8 hobgoblins
  7 jackals
  3 quokkas
  7 frilled lizards
  17 goblins
  4 kobolds
  3 rats
161 creatures vanquished.

Notes
Turn   | Place    | Note
-------+----------+-------------------------------------------
     0 | D:1      | tatocazan the Minotaur Fighter began the quest for the Orb.
     0 | D:1      | Reached XP level 1. HP: 19/19 MP: 0/0
   229 | D:1      | Reached XP level 2. HP: 27/27 MP: 1/1
   855 | D:1      | Reached XP level 3. HP: 32/33 MP: 2/2
  1061 | D:2      | Noticed Robin
  1068 | D:2      | Killed Robin
  1069 | D:2      | Reached XP level 4. HP: 39/40 MP: 3/3
  2167 | D:3      | Reached XP level 5. HP: 47/47 MP: 4/4
  2624 | D:4      | Reached skill level 5 in Fighting
  2624 | D:4      | Reached skill level 5 in Armour
  2624 | D:4      | Reached skill level 5 in Shields
  2663 | D:4      | Noticed an ogre
  2668 | D:4      | Killed an ogre
  2669 | D:4      | Reached XP level 6. HP: 56/56 MP: 5/5
  3143 | D:4      | Found a staircase to the Ecumenical Temple.
  3161 | D:4      | Noticed a water moccasin
  3174 | D:4      | Killed a water moccasin
  3175 | D:4      | Reached skill level 5 in Axes
  3175 | D:4      | Reached XP level 7. HP: 30/62 MP: 6/6
  3343 | Temple   | Entered the Ecumenical Temple
  3459 | Temple   | Became a worshipper of Uskayaw the Reveller
  3579 | D:4      | Reached * piety under Uskayaw
  3685 | D:4      | Reached ** piety under Uskayaw
  3899 | D:5      | Entered Level 5 of the Dungeon
  3977 | D:5      | Reached *** piety under Uskayaw
  4044 | D:5      | Reached XP level 8. HP: 36/71 MP: 7/7
  4273 | D:5      | Noticed Blork the orc
  4285 | D:5      | Killed Blork the orc
  4301 | D:5      | Identified a scroll of acquirement
  4451 | D:5      | Acquired a +2 crystal plate armour
  4490 | D:5      | Found a white marble altar of Elyvilon.
  4613 | D:5      | Reached **** piety under Uskayaw
  5161 | D:6      | Noticed Eustachio
  5180 | D:6      | Reached XP level 9. HP: 52/81 MP: 8/8
  5191 | D:6      | Reached ***** piety under Uskayaw
  5200 | D:6      | Killed Eustachio
  6340 | D:7      | Noticed Joseph
  6363 | D:7      | Killed Joseph
  6497 | D:7      | Found a large runed translucent door.
  6497 | D:7      | Found a large runed translucent door.
  6498 | D:7      | Noticed bande's ghost (novice GrFi)
  7263 | D:8      | Noticed a gargoyle
  7283 | D:8      | Killed from afar by a gargoyle

Illustrated notes

Levels and vault maps discovered:
D:1:      minmay_arrival_shattered_statue, layout_loops_ring,
          minmay_splitting_lines
D:2:      minmay_chambers_of_ones, layout_basic, hangedman_decor_opposing,
          dk_noncrumbling_2, uniq_robin
D:3:      layout_loops_ring, minmay_fountain_box, kennysheep_generic_room_4
D:4:      layout_gridville, minmay_temple_entry_slanted
D:5:      layout_cave_pools, general_overflow_altar, uniq_blork_the_orc
D:6:      layout_loops_cross, kennysheep_doodads, chequers_avenue,
          sword_in_stone
D:7:      layout_gridville, ebering_ghost_disaster_area, minmay_fire_ice_demons,
          uniq_joseph
D:8:      layout_basic
Temple:   kilobyte_greek_temple

Skill      XL: |  1  2  3  4  5  6  7  8  9 |
---------------+----------------------------+-----
Armour         | 4 5 6 7 9 |  9.2
Shields        | 4 5 6 8 9 |  9.3
Fighting       | 4 5 6 7 9 |  9.2
Axes           | 3 4 5 6 7 8 |  8.8

Action                   |  1- 3 |  4- 6 |  7- 9 || total
-------------------------+-------+-------+-------++-------
Melee: Hand axe          |    83 |   161 |   308 ||   552
       Headbutt          |    14 |    23 |    75 ||   112
Throw: Boomerang         |       |     2 |       ||     2
  Use: Potion            |       |       |     6 ||     6
       Scroll            |       |       |     7 ||     7
 Stab: Paralysed         |       |       |    11 ||    11
Armor: Scale mail        |    29 |       |       ||    29
       Chain mail        |    10 |    57 |    41 ||   108
       Crystal plate arm |       |       |   163 ||   163
Dodge: Dodged            |    24 |    41 |    50 ||   115
Block: Kite shield       |    35 |    79 |   185 ||   299

Table legend: (Time is in decaauts)
 A = Elapsed time spent in this place.
 B = Non-inter-level travel time spent in this place.
 C = Inter-level travel time spent in this place.
 D = Time resting spent in this place.
 E = Time spent auto-exploring this place.
 F = Levels seen in this place.
 G = Mean time per level.
                   A        B        C        D        E       F      G
               +--------+--------+--------+--------+--------+-----+--------+
         Total |   7387 |   7184 |    203 |    635 |   5362 |   9 |  820.8 |
       Dungeon |   7234 |   7066 |    168 |    635 |   5257 |   8 |  904.2 |
        Temple |    152 |    117 |     35 |      0 |    105 |   1 |  152.0 |
               +--------+--------+--------+--------+--------+-----+--------+

Top non-repeatable levels by time:
     D:4: 1321 daAuts
     D:7: 1021 daAuts
     D:5: 1005 daAuts
     D:6: 963 daAuts
     D:1: 934 daAuts
     D:3: 844 daAuts
     D:2: 731 daAuts
     D:8: 413 daAuts
  Temple: 152 daAuts
